 Dungeon Crawl Stone Soup version 0.21-a0-241-g2cbab09 (webtiles) character file.

229195 Lavandula the Impaler (level 18, -3/141 HPs)
             Began as a Ghoul Warper on Aug 25, 2017.
             Was the Champion of Hepliaklqana.
             Slain by an azure jelly (7 damage)
             ... created by the Royal Jelly
             ... on level 5 of the Pits of Slime on Sept 3, 2017.
             The game lasted 04:17:26 (21644 turns).

Lavandula the Impaler (Ghoul Warper)               Turns: 21644, Time: 04:17:26

Health: -3/141     AC: 12    Str: 23      XL:     18   Next: 98%
Magic:  33/33      EV: 15    Int: 10 (11) God:    Hepliaklqana [******]
Gold:   224        SH:  0    Dex:  6 (10) Spells: 3/33 levels left

rFire    + + .     SeeInvis .   p - +4 glaive (vamp)
rCold    + + .     Gourm    .   (shield currently unavailable)
rNeg     + + +     Faith    .   o - +2 leather armour {rF+}
rPois    ∞         Spirit   .   T - +0 Maxwell's etheric cage {RegenMP+ *Contam rElec MP+4}
rElec    +         Reflect  .   u - scarf {rC+ rF+}
rCorr    +         Harm     +   h - +2 pair of gloves
MR       +....                  c - +2 pair of boots
Stlth    ..........             l - amulet of harm
HPRegen  0.00/turn              S - ring of resist corrosion
MPRegen  0.23/turn              C - ring of loudness (curse)

@: confused, mighty, rotting, hasted, deflect missiles, very quick
A: rotting body, reduced essence, claws 1, carnivore 3, cold resistance 1,
negative energy resistance 3, inhibited regeneration, torment resistance,
unbreathing
}: 2/15 runes: decaying, gossamer
a: Recall Ancestor, Ancestor Identity, Transference, Idealise, Renounce Religion


You were on level 5 of the Pits of Slime.
You worshipped Hepliaklqana.
Hepliaklqana was exalted by your worship.
You were not hungry.

You visited 6 branches of the dungeon, and saw 33 of its levels.
You also visited: Labyrinth, Ice Cave and Volcano.

You collected 2211 gold pieces.
You spent 1987 gold pieces at shops.

Inventory:

Hand Weapons
 a - a +0 bardiche of flaming
 k - a +1 trident of venom
 p - a +4 vampiric glaive (weapon)
Missiles
 d - 4 tomahawks of dispersal (quivered)
 O - 2 throwing nets
Armour
 c - a +2 pair of boots (worn)
 h - a +2 pair of gloves (worn)
 o - a +2 leather armour of fire resistance (worn)
 u - a scarf of resistance (worn)
 G - a +0 shield of fire resistance
 R - a +2 leather armour of cold resistance
 T - the +0 Maxwell's etheric cage (worn) {RegenMP+ *Contam rElec MP+4}
   (You bought it in a shop on level 2 of the Orcish Mines)

   It insulates you from electricity.
   It affects your magic capacity (+4).
   It causes magical contamination when unequipped.
Magical Staves
 Z - an uncursed staff of wizardry
Jewellery
 l - an amulet of harm (around neck)
 r - a +6 ring of strength
 x - the ring "Qojaseityr" {*Corrode +Fly rElec rN+ Slay+6}
   (You found it on level 4 of the Lair of Beasts)

   [ring of positive energy]

   It affects your accuracy and damage with ranged weapons and melee attacks
   (+6).
   It insulates you from electricity.
   It protects you from negative energy.
   It lets you fly.
   It may corrode you when you take damage.
 B - an uncursed ring of see invisible
 C - a cursed ring of loudness (right hand)
 Q - an uncursed ring of protection from magic
 S - a ring of resist corrosion (left hand)
Wands
 e - a wand of polymorph (0/24)
 n - a wand of confusion (7/48)
 y - a wand of digging (5/24)
 J - a wand of enslavement (0/24)
 K - a wand of flame (48/48)
 M - a wand of paralysis (5/24)
Scrolls
 b - 4 scrolls of immolation
 z - 4 scrolls of amnesia
 A - 3 scrolls of teleportation
 F - a scroll of fear
 H - 4 scrolls of fog
Potions
 g - 2 potions of brilliance
 i - 6 potions of resistance
 j - a potion of haste
 q - a potion of cancellation
 s - 4 potions of ambrosia
 N - a potion of might
 V - 2 potions of invisibility
Books
 D - a book of Unlife

   Spells                             Type                      Level
   a - Recall                         Summoning/Translocation      3
   b - Animate Dead                   Necromancy                   4
   c - Control Undead                 Necromancy                   4
   d - Cigotuvi's Embrace             Necromancy                   5
   e - Death Channel                  Necromancy                   6
   f - Simulacrum                     Ice/Necromancy               6
 P - a book of Air

   Spells                             Type                      Level
   a - Shock                          Conjuration/Air              1
   b - Swiftness                      Charms/Air                   2
   c - Static Discharge               Conjuration/Air              3
   d - Airstrike                      Air                          4
   e - Lightning Bolt                 Conjuration/Air              5
 W - a book of Necromancy

   Spells                             Type                      Level
   a - Pain                           Necromancy                   1
   b - Animate Skeleton               Necromancy                   1
   c - Vampiric Draining              Necromancy                   3
   d - Regeneration                   Charms/Necromancy            3
   e - Animate Dead                   Necromancy                   4
   f - Control Undead                 Necromancy                   4
Miscellaneous
 X - a sack of spiders
Comestibles
 f - 8 meat rations


   Skills:
 - Level 13.0 Fighting
 - Level 16.7 Polearms
 - Level 0.8 Throwing
 - Level 0.8 Armour
 - Level 11.5 Dodging
 - Level 1.7 Stealth
 - Level 7.5 Unarmed Combat
 - Level 8.0 Spellcasting
 - Level 3.4 Hexes
 + Level 9.2 Charms
 - Level 7.5 Necromancy
 - Level 9.5 Translocations
 - Level 7.1 Air Magic
 - Level 5.6 Invocations
 - Level 5.9 Evocations


You had 3 spell levels left.
You knew the following spells:

 Your Spells              Type           Power        Failure   Level  Hunger
a - Blink                 Tloc           N/A          1%          2    #......
b - Shroud of Golubria    Chrm/Tloc      ###.......   1%          2    #......
c - Spectral Weapon       Hex/Chrm       ###.....     4%          3    ###....
d - Infusion              Chrm           ###.         1%          1    None
e - Confuse               Hex            ##......     14%         3    ###....
f - Animate Skeleton      Necr           N/A          1%          1    None
g - Apportation           Tloc           ###...       1%          1    None
h - Regeneration          Chrm/Necr      ###.......   1%          3    ###....
i - Passage of Golubria   Tloc           N/A          3%          4    ####...
j - Deflect Missiles      Chrm/Air       ###.......   71%         6    #######
k - Animate Dead          Necr           N/A          9%          4    ####...


Dungeon Overview and Level Annotations

Branches:
Dungeon (12/15)              Lair (6/6) D:11          Swamp (4/4) Lair:3
 Spider (4/4) Lair:2        Slime (5/5) Lair:5          Orc (2/2) D:12
    Elf (0/3) Orc:2
 Temple: D:4-7

Altars:
Hepliaklqana
Okawaru
Sif Muna
Trog
Vehumet
Beogh
Jiyva

Shops:
D:5 %   D:6 ?   D:9 [!*}   D:11 [   Orc:1 *   Orc:2 [(=*

Annotations:
D:4 skelma's ghost, amateur OpFE
D:8 Joseph
D:10 exclusion: upstairs
Spider:2 exclusion: orange crystal statue
Slime:5 exclusion: upstairs, Royal Jelly
Orc:2 Saint Roka


Innate Abilities, Weirdness & Mutations

Your body is rotting away.
You thrive on raw meat.
You are immune to poison.
You have sharp fingernails.
You are carnivorous and can eat meat at any time.
Your flesh is cold resistant. (rC+)
You are immune to negative energy. (rN+++)
You do not regenerate when monsters are visible.
You are immune to unholy pain and torment.
You can survive without breathing.
Your life essence is reduced to manifest your ancestor. (-10% HP)


Message History

Unknown command.
The azure jelly completely misses you. The azure jelly barely misses you.
The azure jelly hits you.
* * * LOW HITPOINT WARNING * * *
The azure jelly misses you.
The azure jelly hits you but does no damage. x2
The azure jelly barely misses you.
The azure jelly hits you but does no damage.
The golden eye blinks at you.
You are more confused.
The Royal Jelly hits you but does no damage. x2
Are you sure you want to abandon this character and quit the game? (Confirm with "yes".)
Okay, then.
Unknown command.
You are splashed with acid!
The wall burns you! You resist.
* * * LOW HITPOINT WARNING * * *
The golden eye blinks!
The azure jelly hits you.
* * * LOW HITPOINT WARNING * * *
The azure jelly freezes you. You resist.
You die...

................##
.................#
.................#
.................####
..................#.#
...................#
................J..#
...............JJ..#
...............J@.##
................§##
............G....#
..................#
................###
..........G......#
................##
...............##
...............#


You could see the Royal Jelly, an acid blob, 2 azure jellies and 2 golden eyes.

Vanquished Creatures
  Rupert (Lair:6)
  11 acid blobs
  2 thorn hunters
  Kirke (Swamp:2)
  3 azure jellies
  4 emperor scorpions
  4 ghost moths
  2 entropy weavers
  The ghost of nubinia the Eclecticist, a journeyman SpEE of Sif Muna (Swamp:1)
  Azrael (Spider:1)
  2 blizzard demons (IceCv)
  Josephine (Lair:6)
  A minotaur (Lab)
  A fire dragon (Lair:6)
  A death ooze (Slime:5)
  A great orb of eyes (Slime:5)
  9 hydras
  2 two-headed ogres (D:10)
  A catoblepas (Lair:5)
  3 alligators
  A queen ant (Lair:3)
  4 death yaks
  5 orc high priests (Orc:2)
  2 spriggans
  Sonja (Lair:2)
  A hell hog (Volcano)
  A skeletal warrior (D:11)
  3 swamp dragons
  A spriggan druid (Swamp:2)
  A shambling mangrove (Swamp:3)
  A lindwurm (Lair:6)
  8 orc knights
  6 orb spiders
  6 shining eyes
  23 wolf spiders
  2 orc sorcerers (Orc:2)
  2 manticores
  9 elephants (Lair:5)
  2 black mambas
  A molten gargoyle (Lair:6)
  2 torpor snails
  7 spiny frogs
  7 freezing wraiths
  5 komodo dragons
  3 rime drakes
  4 demonic crawlers
  4 ice devils (IceCv)
  3 anaconda simulacra (IceCv)
  A golden dragon simulacrum (IceCv)
  2 trolls (D:10)
  19 jumping spiders
  A polar bear (Lair:2)
  A queen bee (Lair:5)
  5 tyrant leeches
  4 hornets
  3 meliai (Lair:5)
  42 slime creatures
  9 blink frogs
  3 hippogriffs
  9 dream sheep
  3 bog bodies
  45 redbacks
  11 yaks
  6 wyverns
  16 tarantellas
  A dire elephant simulacrum (IceCv)
  3 wraiths
  2 fire elementals (Lair:2)
  3 basilisks
  3 fire bats (Volcano)
  A hungry ghost (D:9)
  5 hogs (Swamp:2)
  4 steam dragons
  5 insubstantial wisps (Swamp:4)
  2 soldier ants (Lair:3)
  6 harpy simulacra (IceCv)
  2 iron troll simulacra (IceCv)
  6 swamp worms
  8 water moccasins
  3 wargs
  An acid dragon (D:11)
  3 hydra simulacra (IceCv)
  7 hell hounds
  3 porcupines
  21 orc warriors
  2 sky beasts
  5 swamp drakes
  3 eyes of draining
  A black bear (Lair:3)
  7 ogres
  2 wolves
  5 centaurs
  9 crocodiles
  2 big kobolds (D:10)
  Blork the orc (D:5)
  9 bullfrogs
  5 earth elementals
  A water moccasin zombie (D:10)
  A scorpion (D:10)
  23 killer bees (Lair:5)
  A wight (D:6)
  A jelly (D:8)
  2 electric eels
  3 howler monkeys (D:9)
  8 lava snakes
  3 bullfrog zombies
  2 crimson imps
  4 draconian simulacra (IceCv)
  A hound (D:10)
  12 orc priests
  A battlemage (Orc:1)
  2 iguanas (Orc:1)
  14 orc wizards
  Natasha (twice) (D:2 D:3)
  2 spriggan simulacra (IceCv)
  18 worker ants
  3 hell rats (Lair:6)
  2 troll simulacra (IceCv)
  A wolf simulacrum (IceCv)
  3 centaur simulacra (IceCv)
  A howler monkey zombie (D:10)
  2 worker ant zombies
  A howler monkey skeleton (D:9)
  A naga simulacrum (IceCv)
  12 adders
  An ogre simulacrum (IceCv)
  3 shadow imps
  4 white imps (IceCv)
  6 ufetubi (IceCv)
  An adder zombie (D:9)
  A worm (D:3)
  A dart slug (D:3)
  2 leopard geckos
  51 orcs
  A ball python (D:5)
  A giant cockroach (D:2)
  2 goblins
  2 hobgoblins (D:1)
  6 kobolds
  2 quokkas
  4 bats
  A frilled lizard (D:4)
  A quokka skeleton (D:7)
  3 rats (D:3)
707 creatures vanquished.

Vanquished Creatures (collateral kills)
  Jorgrun (Swamp:3)
  Gastronok (Lair:1)
  6 acid blobs
  Aizul (Swamp:2)
  2 ghost moths
  2 emperor scorpions
  2 entropy weavers (Spider:2)
  Harold (Lair:3)
  A great orb of eyes (Slime:5)
  5 hydras
  The ghost of Execuda the Destroyer, a journeyman DgFE (Lair:1)
  A death knight (D:11)
  An alligator (Swamp:1)
  2 orc high priests (Orc:2)
  A fire crab (Volcano)
  A swamp dragon (Swamp:4)
  A spriggan druid (Swamp:4)
  An obsidian statue (Volcano)
  3 orc knights
  14 orb spiders
  8 wolf spiders
  A moth of wrath (Lair:2)
  An eye of devastation (Slime:5)
  2 molten gargoyles (Lair:6)
  3 spiny frogs
  3 black mambas
  An ice statue (IceCv)
  A centaur skeleton (D:8)
  6 demonic crawlers
  3 komodo dragons
  5 rime drakes (Lair:6)
  An anaconda simulacrum (IceCv)
  An ice devil (IceCv)
  2 trolls
  15 jumping spiders
  3 tyrant leeches
  A polar bear (Lair:6)
  6 hornets
  22 slime creatures
  2 blink frogs (Lair:4)
  6 bog bodies (Swamp:2)
  A hippogriff (D:11)
  3 dream sheep
  3 spriggans
  15 tarantellas
  2 wyverns
  A dire elephant simulacrum (IceCv)
  A vampire (D:12)
  3 fire bats (Volcano)
  A wraith (Lair:6)
  38 redbacks
  4 basilisks
  A fire elemental (Spider:1)
  3 golden eyes (Slime:5)
  2 yaks
  A steam dragon (Volcano)
  A hog (Swamp:2)
  2 vampire mosquitoes (Swamp:2)
  4 swamp worms
  Edmund (D:4)
  2 hell hounds
  8 soldier ants (Lair:3)
  A porcupine (Lair:1)
  2 water moccasins (Lair:5)
  A sky beast (D:8)
  A black bear (Lair:2)
  3 swamp drakes (Swamp:4)
  An eye of draining (Slime:3)
  18 orc warriors
  An ice beast (D:9)
  2 phantoms
  8 ogres
  4 centaurs
  2 wolves (Lair:2)
  5 crocodiles
  A big kobold (D:10)
  2 bullfrogs
  A scorpion (D:8)
  4 killer bees (Lair:5)
  A wight (D:6)
  An electric eel (Spider:4)
  2 hounds
  A lava snake (Lair:6)
  A quasit (D:8)
  2 draconian simulacra (IceCv)
  14 orc priests
  3 orc wizards
  Ijyb (D:3)
  A gnoll shaman (D:4)
  18 worker ants
  Natasha (D:2)
  3 hell rats (Lair:6)
  5 gnolls (D:4)
  An adder (D:9)
  A shadow imp (D:10)
  A white imp (IceCv)
  A worm (D:4)
  2 leopard geckos
  31 orcs
  3 bats
  A hobgoblin (D:3)
  2 jackals (D:6)
  A kobold (D:3)
  A goblin (D:3)
  A fungus (Lair:3)
  5 plants
400 creatures vanquished.

Vanquished Creatures (others)
  Donald (Slime:3)
  A blink frog (Lair:6)
  A dire elephant simulacrum (IceCv)
  62 battlemagi
  A ball lightning (Spider:3)
  5 ancestors
  A bush (Lair:2)
  9 fungi
  A plant (Lair:5)
  83 spectral weapons
165 creatures vanquished.

Grand Total: 1272 creatures vanquished

Notes
Turn   | Place    | Note
-------+----------+-------------------------------------------
     0 | D:1      | Lavandula the Ghoul Warper began the quest for the Orb.
     0 | D:1      | Reached XP level 1. HP: 17/17 MP: 2/2
   115 | D:1      | Reached XP level 2. HP: 21/24 MP: 3/3
   206 | D:3      | Found a faded altar of an unknown god.
   233 | D:3      | Became a worshipper of Hepliaklqana the Forgotten
   233 | D:3      | Reached * piety under Hepliaklqana
   255 | D:3      | Noticed Ijyb
   349 | D:2      | Reached XP level 3. HP: 27/27 MP: 4/4
   433 | D:2      | Noticed Natasha
   480 | D:2      | Learned a level 2 spell: Blink
   483 | D:2      | Learned a level 2 spell: Shroud of Golubria
   523 | D:2      | Killed Natasha
   523 | D:2      | Reached XP level 4. HP: 11/34 MP: 2/5
   549 | D:2      | Noticed Natasha
   555 | D:2      | Killed Natasha
   734 | D:2      | Noticed Natasha
   757 | D:3      | Killed Natasha
   757 | D:3      | Reached skill level 5 in Unarmed Combat
   757 | D:3      | Reached XP level 5. HP: 25/40 MP: 4/6
   944 | D:4      | Noticed skelma's ghost (amateur OpFE)
  1097 | D:4      | Reached XP level 6. HP: 19/44 MP: 1/7
  1149 | D:5      | Entered Level 5 of the Dungeon
  1149 | D:5      | Reached ** piety under Hepliaklqana
  1163 | D:5      | Remembered your ancestor Milos as a battlemage
  1203 | D:5      | Noticed Blork the orc
  1220 | D:5      | Killed Blork the orc
  1250 | D:5      | Reached XP level 7. HP: 29/51 MP: 5/8
  1360 | D:6      | Reached skill level 5 in Fighting
  1387 | D:6      | Reached skill level 1 in Polearms
  1395 | D:6      | Found an iron altar of Okawaru.
  1401 | D:6      | Learned a level 3 spell: Spectral Weapon
  1434 | D:6      | Reached skill level 2 in Polearms
  1442 | D:6      | Reached XP level 8. HP: 59/61 MP: 5/9
  1460 | D:6      | Reached skill level 3 in Polearms
  1554 | D:7      | Learned a level 1 spell: Infusion
  1554 | D:7      | Noticed a hornet
  1561 | D:7      | Killed a hornet
  1597 | D:7      | Reached skill level 4 in Polearms
  1625 | D:7      | Reached skill level 5 in Polearms
  1644 | D:7      | Identified Qubumylib's Grimoire of the Oath and Intoxication
  1737 | D:6      | Reached *** piety under Hepliaklqana
  1764 | D:6      | Found Idoluerre's Magic Scroll Emporium.
  1766 | D:6      | Bought a scroll of teleportation for 42 gold pieces
  1766 | D:6      | Bought a scroll of teleportation for 42 gold pieces
  1766 | D:6      | Bought a scroll of identify for 28 gold pieces
  1766 | D:6      | Bought a scroll of identify for 28 gold pieces
  1766 | D:6      | Bought a scroll of identify for 28 gold pieces
  1920 | D:5      | Found Zilaom's Food Emporium.
  2170 | D:4      | Noticed Edmund
  2182 | D:4      | Killed Edmund
  2182 | D:4      | Reached skill level 6 in Polearms
  2182 | D:4      | Reached XP level 9. HP: 66/66 MP: 5/10
  2235 | D:3      | Killed Ijyb
  2487 | D:8      | Reached skill level 7 in Polearms
  2725 | D:8      | Reached skill level 8 in Polearms
  2748 | D:8      | Noticed Joseph
  2795 | D:8      | Reached **** piety under Hepliaklqana
  2978 | D:8      | Reached skill level 9 in Polearms
  2986 | D:8      | Found an iron altar of Okawaru.
  3478 | D:10     | Entered Level 10 of the Dungeon
  3494 | D:10     | Reached XP level 10. HP: 51/73 MP: 4/11
  3957 | D:9      | Found Yraogatu's General Store.
  3957 | D:9      | Found Xakupom's Antique Armour Shoppe.
  3963 | D:9      | Found Xaz Avaff's Distillery.
  3966 | D:9      | Bought a scroll of magic mapping for 52 gold pieces
  3966 | D:9      | Bought a potion of might for 60 gold pieces
  3968 | D:9      | Found Gumadgho's Gadget Shoppe.
  3974 | D:9      | Bought a potion of degeneration for 14 gold pieces
  4008 | D:9      | Reached skill level 10 in Polearms
  4022 | D:9      | Reached ***** piety under Hepliaklqana
  4219 | D:11     | Noticed a manticore
  4283 | D:11     | Killed a manticore
  4347 | D:10     | Learned a level 3 spell: Confuse
  4370 | D:10     | Reached skill level 1 in Hexes
  4486 | D:10     | HP: 1/74 [wyvern (4)]
  4487 | D:10     | nice.
  4895 | D:11     | Found a staircase to the Lair.
  4931 | Lair:1   | Entered Level 1 of the Lair of Beasts
  5058 | D:11     | Found Angoumas's Antique Armour Boutique.
  5066 | D:11     | Bought a scorched helmet for 161 gold pieces
  5071 | D:11     | Identified the cursed +0 helmet of the Griffon {Dex+2} (You bought it in a shop on level 11 of the Dungeon)
  5190 | D:11     | Reached skill level 11 in Polearms
  5193 | D:11     | Reached XP level 11. HP: 54/80 MP: 12/12
  5235 | D:10     | Noticed a two-headed ogre
  5250 | D:10     | Killed a two-headed ogre
  5311 | D:10     | Noticed a two-headed ogre
  5318 | D:10     | Killed a two-headed ogre
  5318 | D:10     | Reached skill level 12 in Polearms
  5374 | D:10     | Got a steaming long sword
  5381 | D:10     | Identified the +8 long sword of Hestiw {pain, rF++ rC- rN+} (You found it on level 10 of the Dungeon)
  5566 | D:10     | Noticed a two-headed hydra
  5579 | D:10     | Killed a two-headed hydra
  5643 | D:12     | Noticed a white ugly thing
  5736 | D:12     | Learned a level 1 spell: Animate Skeleton
  6062 | D:12     | Found a staircase to the Orcish Mines.
  6077 | D:12     | Found a roughly hewn altar of Beogh.
  6095 | D:12     | Reached skill level 13 in Polearms
  6111 | Orc:1    | Entered Level 1 of the Orcish Mines
  6183 | Orc:1    | Noticed an orc knight
  6185 | Orc:1    | Reached skill level 1 in Invocations
  6190 | Orc:1    | Killed an orc knight
  6371 | Orc:1    | Found a roughly hewn altar of Beogh.
  6385 | Orc:1    | Found Nuqaf's General Store.
  6401 | Orc:1    | Found a bloodstained altar of Trog.
  6539 | Orc:2    | Entered Level 2 of the Orcish Mines
  6544 | Orc:2    | Noticed an orc sorcerer
  6551 | Orc:2    | Killed an orc sorcerer
  6577 | Orc:2    | Noticed an orc knight
  6672 | Orc:2    | Killed an orc knight
  6672 | Orc:2    | Reached XP level 12. HP: 75/90 MP: 7/13
  6728 | Orc:2    | Found a radiant altar of Vehumet.
  6781 | Orc:2    | Noticed an orc high priest
  6811 | Orc:1    | Learned a level 3 spell: Regeneration
  6884 | Orc:1    | Reached skill level 1 in Necromancy
  6935 | Orc:2    | Noticed Saint Roka
  6941 | Orc:1    | Upgraded the game from 0.21-a0-221-gfe971b9 to 0.21-a0-233-g0929f2e
  7095 | Orc:2    | Killed an orc high priest
  7495 | Orc:2    | Noticed an orc high priest
  7578 | Orc:2    | Killed an orc high priest
  7636 | Orc:2    | Reached skill level 5 in Charms
  7863 | Orc:2    | Noticed an orc high priest
  7869 | Orc:2    | Killed an orc high priest
  7923 | Orc:2    | Noticed an orc high priest
  7933 | Orc:2    | Killed an orc high priest
  8142 | Orc:2    | Noticed an orc high priest
  8158 | Orc:2    | Killed an orc high priest
  8218 | Orc:2    | Found a staircase to the Elven Halls.
  8336 | Orc:2    | Reached XP level 13. HP: 41/96 MP: 5/15
  8880 | Orc:2    | Reached skill level 14 in Polearms
  8937 | Orc:2    | Found Fezosoiturgh's Assorted Antiques.
  8937 | Orc:2    | Found Paonok's Armour Shoppe.
  8938 | Orc:2    | Found Pibiur's Jewellery Shoppe.
  8938 | Orc:2    | Found Micwuem's Weapon Emporium.
  8945 | Orc:2    | Bought a scroll labeled ASORYKAUCS for 29 gold pieces
  9130 | Orc:2    | Bought the +0 Maxwell's etheric cage {RegenMP+ *Contam rElec MP+4} for 560 gold pieces
  9130 | Orc:2    | Found the +0 Maxwell's etheric cage {RegenMP+ *Contam rElec MP+4}
  9371 | Lair:1   | Noticed Execuda's ghost (journeyman DgFE)
  9441 | Lair:1   | Killed Execuda's ghost
  9587 | Lair:2   | Found a hole to the Spider Nest.
  9661 | Lair:2   | Got a dazzling ring mail
  9672 | Lair:2   | Identified the +3 ring mail of the King {*Slow Str+3 Stlth+} (You found it on level 2 of the Lair of Beasts)
  9862 | Lair:2   | Noticed Sonja
  9872 | Lair:2   | Killed Sonja
  9872 | Lair:2   | Reached skill level 10 in Fighting
  9973 | Lair:2   | Found a deep blue altar of Sif Muna.
 10257 | Lair:3   | Upgraded the game from 0.21-a0-233-g0929f2e to 0.21-a0-238-geb0acef
 10577 | Lair:3   | Noticed Harold
 10585 | Lair:3   | Killed Harold
 10662 | Lair:4   | Learned a level 1 spell: Apportation
 10760 | Lair:5   | Found a labyrinth entrance.
 10787 | Lab      | Entered a labyrinth
 11066 | Lab      | Noticed a minotaur
 11074 | Lab      | Killed a minotaur
 11132 | Lair:6   | Entered Level 6 of the Lair of Beasts
 11139 | Lair:6   | Reached ****** piety under Hepliaklqana
 11162 | Lair:6   | Reached XP level 14. HP: 112/112 MP: 18/18
 11200 | Lair:6   | Reached skill level 1 in Evocations
 11490 | Lair:6   | Noticed Rupert
 11507 | Lair:6   | Killed Rupert
 11507 | Lair:6   | Reached skill level 5 in Evocations
 11588 | Lair:6   | Found a dark tunnel.
 11594 | Volcano  | Entered a volcano
 11744 | Volcano  | Reached skill level 5 in Dodging
 11753 | Volcano  | Found a bloodstained altar of Trog.
 11996 | Lair:6   | Noticed Josephine
 12013 | Lair:6   | Killed Josephine
 12267 | Lair:6   | Found a large runed door.
 12267 | Lair:6   | Found a large runed door.
 12607 | Lair:5   | Reached XP level 15. HP: 88/118 MP: 20/20
 12809 | Lair:5   | Reached skill level 5 in Invocations
 12939 | Lair:5   | Reached skill level 5 in Translocations
 12993 | Lair:4   | Got a heavily runed tin ring
 12995 | Lair:4   | Identified the ring "Qojaseityr" {*Corrode +Fly rElec rN+ Slay+6} (You found it on level 4 of the Lair of Beasts)
 13249 | Lair:3   | Found a staircase to the Swamp.
 13260 | Swamp:1  | Entered Level 1 of the Swamp
 13313 | Swamp:1  | Found a frozen archway.
 13328 | IceCv    | Entered an ice cave
 14199 | IceCv    | Reached skill level 5 in Necromancy
 14387 | IceCv    | Identified the Tome of the Dark Snowflakes
 14425 | IceCv    | Learned a level 4 spell: Passage of Golubria
 14506 | Swamp:1  | Noticed nubinia's ghost (journeyman SpEE)
 14515 | Swamp:1  | Killed nubinia's ghost
 14580 | Swamp:3  | Reached skill level 5 in Spellcasting
 14742 | Swamp:2  | Noticed Aizul
 14750 | Swamp:2  | Killed Aizul
 14768 | Swamp:2  | Noticed Kirke
 14778 | Swamp:2  | Killed Kirke
 14846 | Swamp:2  | Learned a level 6 spell: Deflect Missiles
 15088 | Swamp:3  | Noticed a thorn hunter
 15098 | Swamp:3  | Killed a thorn hunter
 15098 | Swamp:3  | Reached XP level 16. HP: 124/124 MP: 24/24
 15100 | Swamp:3  | Noticed Jorgrun
 15118 | Swamp:3  | Killed Jorgrun
 15236 | Swamp:4  | Entered Level 4 of the Swamp
 15397 | Swamp:4  | Noticed a thorn hunter
 15418 | Swamp:4  | Killed a thorn hunter
 15487 | Swamp:4  | Got a decaying rune of Zot
 15669 | Spider:1 | Entered Level 1 of the Spider Nest
 15930 | Lair:2   | Upgraded the game from 0.21-a0-238-geb0acef to 0.21-a0-241-g2cbab09
 16002 | Spider:1 | Learned a level 4 spell: Animate Dead
 16147 | Spider:1 | Noticed Azrael
 16355 | Spider:1 | Killed Azrael
 16507 | Spider:2 | Reached skill level 1 in Air Magic
 16769 | Spider:2 | Reached XP level 17. HP: 94/131 MP: 27/27
 16801 | Spider:2 | Reached skill level 5 in Air Magic
 16978 | Spider:4 | Entered Level 4 of the Spider Nest
 17524 | Lair:1   | Noticed Gastronok
 17535 | Lair:1   | Killed Gastronok
 17535 | Lair:1   | Reached skill level 10 in Dodging
 17726 | Orc:2    | Bought an uncursed ring of see invisible for 165 gold pieces
 17729 | Orc:2    | Bought a scroll of amnesia for 101 gold pieces
 17729 | Orc:2    | Bought a scroll of fog for 58 gold pieces
 17729 | Orc:2    | Bought a potion of haste for 290 gold pieces
 17937 | D:9      | Bought a potion of flight for 42 gold pieces
 17938 | D:9      | Bought a potion of heal wounds for 70 gold pieces
 17942 | D:9      | Bought a pair of embroidered boots for 217 gold pieces
 19501 | Spider:4 | Got a gossamer rune of Zot
 19505 | Spider:4 | Reached skill level 15 in Polearms
 19834 | Lair:5   | Found a viscous altar of Jiyva.
 19835 | Lair:5   | Found a staircase to the Slime Pits.
 19842 | Slime:1  | Entered Level 1 of the Pits of Slime
 19849 | Slime:1  | Reached XP level 18. HP: 140/141 MP: 28/28
 20093 | Slime:2  | Reached skill level 1 in Stealth
 20199 | Slime:3  | Killed Donald
 20258 | Slime:3  | Reached skill level 16 in Polearms
 20588 | Slime:5  | Entered Level 5 of the Pits of Slime
 20619 | Slime:5  | Found a viscous altar of Jiyva.
 20620 | Slime:5  | Noticed the Royal Jelly
 20639 | Slime:4  | le fu
 20932 | Slime:5  | Paralysed by a great orb of eyes for 7 turns
 20943 | Slime:5  | Paralysed by a great orb of eyes for 5 turns
 21557 | Slime:5  | Paralysed by a great orb of eyes for 7 turns
 21635 | Slime:5  | HP: 2/141 [azure jelly[the Royal Jelly] (16)]
 21637 | Slime:5  | >:[
 21640 | Slime:5  | HP: 7/141 [azure jelly[the Royal Jelly] (8)]
 21644 | Slime:5  | Slain by an azure jelly

Vault maps used:
D:1:      nzn_arrival_settlement
D:2:      minmay_overflow_temple_star_hex, uniq_natasha
D:3:      chequers_ecumenical_altar_simple_redux, uniq_ijyb
D:4:      uniq_edmund
D:5:      first_bread, serial_shops, shop, cheibrodos_worm_habitat,
          uniq_blork_the_orc
D:6:      kennysheep_mini_moat, temple_green, serial_shops, shop,
          minmay_misc_feat_diagonals
D:7:      uniq_duvessa
D:8:      basic_altar, uniq_joseph
D:9:      minmay_shop_grid_forest
D:10:     hangedman_ranch
D:11:     erik_lair_dragon, serial_shops, shop
D:12:     minmay_orc_entry_temple_small, serial_shops, nicolae_shop_crystal,
          corexii_leaking_fountain
Lair:1:   grunt_forest_small_clearings, worms_lemuel, uniq_gastronok
Lair:2:   nicolae_spider_entry_tight_spaces, basic_altar, forest_entry_grove,
          uniq_sonja
Lair:3:   nicolae_swamp_entry_splash_gauntlet, zaba_anthell,
          infiniplex_staircase_pool, uniq_harold
Lair:4:   beast_lair_carwin_6
Lair:5:   regret_index_combs_of_tragedy, dpeg_slime_entry_enclosed_altar,
          serial_forest, infiniplex_forest_lined_corner,
          infiniplex_forest_straight_2, infiniplex_forest_clump_double,
          infiniplex_forest_end_2, infiniplex_forest_corner_2,
          lab_entry_generic, beast_lair_carwin_1
Lair:6:   cheibrodos_lair_end_hotspot, enter_volcano_4, minmay_lair_drake_nest,
          uniq_rupert, uniq_josephine
Swamp:1:  portal_ice_cave_entry_pillars_three, evilmike_swamp_ruin_house_4,
          infiniplex_staircase_pool_2
Swamp:2:  evilmike_swamp_ruin_rubble_1, uniq_aizul, uniq_kirke
Swamp:3:  evilmike_swamp_ruin_rubble_2, uniq_jorgrun
Swamp:4:  swamp, swamp_pool4
Spider:1: spider_trap, uniq_azrael
Spider:2: spider_temple_joshua
Spider:3: hangedman_stitches_earthworm, uniq_arachne
Spider:4: grunt_spider_rune_circles
Slime:2:  nicolae_slime_jelly_donut
Slime:3:  uniq_donald
Orc:1:    basic_altar, serial_shops, shop, trog_butcher_becter
Orc:2:    st_orc_pillars, basic_altar, uniq_saint_roka
Lab:      nicolae_lab_t_cross, nicolae_lab_grate_2, labyrinth_lava_lair,
          nicolae_lab_stuck, lab_fountain
IceCv:    ice_cave_caverns_01
Volcano:  volcano_grotto

Skill      XL: |  1  2  3  4  5  6  7  8  9 10 11 12 13 14 15 16 17 18 |
---------------+-------------------------------------------------------+-----
Fighting       | 3 5 6 7 12 13 | 13.0
Unarmed Combat | 3 4 5 6 7 |  7.5
Polearms       | 2 6 9 11 13 14 15 16 | 16.7
Charms         | 2 7 9 |  9.2
Dodging        | 2 4 9 11 | 11.5
Hexes          | 1 3 |  3.4
Translocations | 4 6 9 |  9.5
Invocations    | 3 5 |  5.6
Spellcasting   | 2 3 4 6 7 8 |  8.0
Necromancy     | 4 5 7 |  7.5
Evocations     | 5 |  5.9
Air Magic      | 4 6 7 |  7.1
Stealth        | 1 |  1.7
Throwing       | |  0.8
Armour         | |  0.8

Action                   |  1- 3 |  4- 6 |  7- 9 | 10-12 | 13-15 | 16-18 || total
-------------------------+-------+-------+-------+-------+-------+-------++-------
Melee: Unarmed           |    67 |   110 |    14 |       |     1 |       ||   192
       Punch             |     1 |     1 |     4 |     5 |       |       ||    11
       Spear             |       |       |   184 |   344 |     2 |       ||   530
       Halberd           |       |       |       |    93 |       |       ||    93
       Glaive            |       |       |       |   100 |   785 |   817 ||  1702
       Trident           |       |       |       |       |    10 |       ||    10
       Bardiche          |       |       |       |       |    31 |    53 ||    84
Throw: Tomahawk          |       |       |       |     2 |     1 |       ||     3
       Throwing net      |       |       |       |       |       |     1 ||     1
 Cast: Shroud of Golubri |       |     8 |    15 |    38 |    54 |    89 ||   204
       Infusion          |       |       |     3 |       |     2 |     1 ||     6
       Blink             |       |       |       |     6 |    22 |    75 ||   103
       Spectral Weapon   |       |       |       |    36 |   101 |   139 ||   276
       Animate Skeleton  |       |       |       |    25 |    89 |    14 ||   128
       Regeneration      |       |       |       |    18 |    66 |   126 ||   210
       Apportation       |       |       |       |       |    35 |    33 ||    68
       Confuse           |       |       |       |       |     1 |     2 ||     3
       Passage of Golubr |       |       |       |       |       |    86 ||    86
       Animate Dead      |       |       |       |       |       |    28 ||    28
       Deflect Missiles  |       |       |       |       |       |     5 ||     5
Invok: Recall Ancestor   |       |     1 |     4 |     7 |     6 |    25 ||    43
       Ancestor Life: Ba |       |     1 |       |       |       |       ||     1
       Idealise          |       |       |       |     3 |     7 |     2 ||    12
Evoke: Wand              |       |       |       |     5 |     4 |    12 ||    21
       Sack of spiders   |       |       |       |       |       |     3 ||     3
  Use: Scroll            |     2 |       |    12 |     9 |    25 |    10 ||    58
       Potion            |     1 |     1 |     3 |     5 |     1 |    18 ||    29
 Stab: Distracted        |       |       |     2 |    12 |    16 |    24 ||    54
       Sleeping          |       |       |     1 |       |       |       ||     1
  Eat: Chunk             |    12 |    27 |    24 |   112 |   108 |   121 ||   404
       Royal jelly       |       |       |       |       |     3 |     9 ||    12
       Meat ration       |       |       |       |       |       |     2 ||     2
Armor: Leather armour    |    21 |    25 |    19 |     6 |   114 |   288 ||   473
       Robe              |       |       |    10 |    27 |    34 |       ||    71
Dodge: Dodged            |    40 |    66 |    61 |   143 |   376 |   648 ||  1334
       Deflected         |       |       |       |       |       |    14 ||    14

Table legend:
 A = Spawn XP
 B = Non-spawn XP
 C = Spawn XP percentage of total XP
 D = Spawn monster count
 E = Non-spawn monster count
 F = Spawn count percentage of total count
 G = Total turns spent on level
                    A         B        C        D         E        F      G
               +---------+---------+-------+---------+---------+-------+---------
         Total |   17595 |  297893 |   5.6 |      68 |    1033 |   6.2 | 21644
               +---------+---------+-------+---------+---------+-------+---------
           D:1 |       0 |      12 |   0.0 |       0 |       7 |   0.0 |   146
           D:2 |       0 |     121 |   0.0 |       0 |      11 |   0.0 |   413
           D:3 |       0 |     134 |   0.0 |       0 |      21 |   0.0 |   465
           D:4 |       3 |     379 |   0.8 |       1 |      20 |   4.8 |   414
           D:5 |       0 |     321 |   0.0 |       0 |       7 |   0.0 |   403
           D:6 |       0 |     941 |   0.0 |       0 |      17 |   0.0 |   417
           D:7 |     241 |     499 |  32.6 |       3 |       7 |  30.0 |   213
           D:8 |       0 |    1535 |   0.0 |       0 |      16 |   0.0 |   558
           D:9 |      43 |     872 |   4.7 |       1 |      13 |   7.1 |   924
          D:10 |     608 |    5359 |  10.2 |       2 |      37 |   5.1 |  1022
          D:11 |     429 |    5812 |   6.9 |       2 |      34 |   5.6 |  1120
          D:12 |       0 |     855 |   0.0 |       0 |      18 |   0.0 |   566
        Lair:1 |       0 |    4321 |   0.0 |       0 |       6 |   0.0 |   204
        Lair:2 |    1029 |    8857 |  10.4 |       4 |      39 |   9.3 |  1032
        Lair:3 |     330 |    7899 |   4.0 |       2 |      58 |   3.3 |   674
        Lair:4 |     145 |    2299 |   5.9 |       1 |       8 |  11.1 |   367
        Lair:5 |    2608 |   13838 |  15.9 |       6 |      66 |   8.3 |   765
        Lair:6 |    1271 |   21353 |   5.6 |       2 |      72 |   2.7 |   904
       Swamp:1 |       0 |    4429 |   0.0 |       0 |       7 |   0.0 |   241
       Swamp:2 |     235 |   11917 |   1.9 |       1 |      30 |   3.2 |   390
       Swamp:3 |     472 |    8110 |   5.5 |       2 |      10 |  16.7 |   311
       Swamp:4 |     814 |   15296 |   5.1 |       5 |      24 |  17.2 |   265
      Spider:1 |    1115 |   14392 |   7.2 |       5 |      48 |   9.4 |   556
      Spider:2 |    2730 |   18305 |  13.0 |      14 |      51 |  21.5 |  1042
      Spider:3 |     620 |   20841 |   2.9 |       2 |      48 |   4.0 |  1007
      Spider:4 |       0 |   25767 |   0.0 |       0 |      57 |   0.0 |   519
       Slime:1 |       0 |    9126 |   0.0 |       0 |      20 |   0.0 |   263
       Slime:2 |       0 |   10839 |   0.0 |       0 |      18 |   0.0 |   308
       Slime:3 |       0 |    9628 |   0.0 |       0 |       5 |   0.0 |   137
       Slime:4 |    2149 |   19181 |  10.1 |       8 |      25 |  24.2 |   694
       Slime:5 |    2412 |   18794 |  11.4 |       1 |      23 |   4.2 |   400
         Orc:1 |       0 |    4082 |   0.0 |       0 |      39 |   0.0 |  1034
         Orc:2 |     341 |   16117 |   2.1 |       6 |      93 |   6.1 |  2136
           Lab |       0 |    1369 |   0.0 |       0 |       3 |   0.0 |   316
         IceCv |       0 |   10418 |   0.0 |       0 |      59 |   0.0 |  1098
       Volcano |       0 |    3875 |   0.0 |       0 |      16 |   0.0 |   320
               +---------+---------+-------+---------+---------+-------+---------
